General information
- name: BNet
- type: Ladder team game (AT/RT)
- host: Battle.net
- saver: 8172734813846
map: Mur'gulOasis
- players: 8
- length: 31:01
- speed: Fast
- version: 1.26 W3XP
- replay type: Public
» download(169 KB)
Players
team 1 (winner)

»
m[a]ster.xxDl (
blue | 100 APM | 1486 actions | 14:51)
3 Mountain King
2 Storm Bolt
1 Bash
1 Paladin
1 Holy Light
» actions
| Assign group hotkey | 46 | |
| Basic commands | 37 | |
| Build / train | 109 | |
| Enter build submenu | 37 | |
| Enter hero's abilities submenu | 4 | |
| Remove unit from queue | 3 | |
| Right click | 810 | |
| Select / deselect | 298 | |
| Select group hotkey | 90 | |
| Use ability | 52 | |
1486 total
» units
| Peasant | 13 | |
| Footman | 6 | |
| Rifleman | 4 | |
| Peon | 14 | |
37 total
» upgrades
| Gunpowder | 2 | |
| Long Rifles | 1 | |
| Masonry | 2 | |
5 total
» buildings
| Altar of Kings | 1 | |
| Barracks | 2 | |
| Farm | 7 | |
| Arcane Vault | 1 | |
| Scout Tower | 7 | |
| Arcane Tower | 2 | |
| Blacksmith | 1 | |
| Lumber Mill | 1 | |
| Guard Tower | 25 | |
| Keep | 2 | |
| Altar of Storms | 1 | |
| Orc Burrow | 1 | |
| War Mill | 1 | |
| Castle | 1 | |
| Gryphon Aviary | 1 | |
54 total
» build order
00:14 Altar of Kings
00:17 Barracks
00:39 Farm
01:26 Farm
01:50 Arcane Vault
02:27 Farm
02:56 Scout Tower
03:08 Arcane Tower
03:09 Arcane Tower
03:32 Blacksmith
03:52 Lumber Mill
03:56 Scout Tower
04:45 Guard Tower
04:57 Farm
05:00 Keep
05:47 Scout Tower
06:24 Farm
06:56 Farm
07:17 Guard Tower
11:01 Guard Tower
11:01 Guard Tower
11:04 Guard Tower
11:04 Guard Tower
11:11 Altar of Storms
11:15 Orc Burrow
11:17 Barracks
11:22 War Mill
11:30 Scout Tower
11:30 Scout Tower
12:05 Guard Tower
12:06 Guard Tower
12:13 Guard Tower
12:13 Guard Tower
12:13 Guard Tower
12:15 Scout Tower
12:18 Scout Tower
12:26 Castle
12:57 Guard Tower
12:57 Guard Tower
13:39 Farm
14:03 Guard Tower
14:03 Guard Tower
14:04 Guard Tower
14:04 Guard Tower
14:16 Guard Tower
14:16 Guard Tower
14:17 Guard Tower
14:35 Gryphon Aviary
» items
| Scroll of Regeneration | 2 | |
| Lesser Clarity Potion | 3 | |
| Boots of Speed | 2 | |
| Potion of Lesser Invulnerability | 1 | |
| Circlet of Nobility | 1 | |
| Ivory Tower | 8 | |
17 total
chrismar13 (
red | 87 APM | 2695 actions | 30:59)
4 Keeper of the Grove
2 Entangling Roots
2 Force of Nature
3 Dark Ranger
2 Black Arrow
1 Life Drain
3 Priestess of the Moon
2 Trueshot Aura
1 Searing Arrows
1 Mountain King
1 Bash
1 Paladin
1 Devotion Aura
» actions
| Assign group hotkey | 36 | |
| Basic commands | 71 | |
| Build / train | 104 | |
| Enter build submenu | 27 | |
| Enter hero's abilities submenu | 12 | |
| Give item / drop item | 2 | |
| Remove unit from queue | 2 | |
| Right click | 1062 | |
| Select / deselect | 357 | |
| Select group hotkey | 936 | |
| Use ability | 86 | |
2695 total
» units
| Wisp | 19 | |
| Archer | 2 | |
| Druid of the Claw | 6 | |
| Dryad | 6 | |
| Mur'gul Snarecaster | 3 | |
| Rifleman | 15 | |
| Gryphon Rider | 2 | |
| Peasant | 6 | |
59 total
» upgrades
| Druid of the Claw Training | 2 | |
| Abolish Magic | 1 | |
| Strength of the Wild | 3 | |
| Reinforced Hides | 4 | |
| Nature's Blessing | 1 | |
| Mark of the Claw | 1 | |
| Armor | 1 | |
| Storm Hammers | 1 | |
| Ultravision | 1 | |
| Well Spring | 1 | |
16 total
» buildings
| Moon Well | 10 | |
| Altar of Elders | 1 | |
| Ancient of War | 1 | |
| Ancient of Wonders | 1 | |
| Hunter's Hall | 1 | |
| Tree of Ages | 3 | |
| Tree of Eternity | 3 | |
| Ancient of Lore | 3 | |
| Ancient Protector | 3 | |
| Farm | 7 | |
33 total
» build order
00:20 Moon Well
00:36 Altar of Elders
00:49 Moon Well
01:46 Ancient of War
02:21 Ancient of Wonders
02:27 Hunter's Hall
03:29 Tree of Ages
03:29 Tree of Ages
04:55 Moon Well
05:51 Tree of Eternity
05:51 Tree of Eternity
05:57 Ancient of Lore
05:58 Ancient of Lore
05:59 Ancient of Lore
07:29 Moon Well
10:09 Moon Well
10:12 Moon Well
12:18 Moon Well
13:45 Ancient Protector
17:09 Ancient Protector
17:14 Ancient Protector
17:24 Moon Well
17:26 Moon Well
17:31 Moon Well
28:04 Farm
28:05 Farm
28:06 Farm
28:08 Farm
28:10 Farm
28:40 Farm
29:04 Farm

»
johnnyb (
pink | 32 APM | 360 actions | 11:18)
3 Demon Hunter
2 Mana Burn
1 Evasion
» actions
| Assign group hotkey | 10 | |
| Basic commands | 8 | |
| Build / train | 34 | |
| Enter build submenu | 10 | |
| Enter hero's abilities submenu | 3 | |
| Remove unit from queue | 2 | |
| Right click | 145 | |
| Select / deselect | 116 | |
| Select group hotkey | 6 | |
| Use ability | 26 | |
360 total
» units
» upgrades
» buildings
| Altar of Elders | 1 | |
| Moon Well | 4 | |
| Ancient of War | 2 | |
| Hunter's Hall | 1 | |
| Ancient Protector | 2 | |
| Tree of Ages | 1 | |
11 total
» build order
00:19 Altar of Elders
00:35 Moon Well
00:50 Ancient of War
01:41 Moon Well
02:13 Moon Well
02:38 Hunter's Hall
03:04 Ancient of War
03:16 Moon Well
04:36 Ancient Protector
07:13 Tree of Ages
09:45 Ancient Protector
team 2 (loser)
Dragonclaw_Zero (
yellow | 51 APM | 1580 actions | 30:59)
5 Archmage
3 Summon Water Elemental
2 Brilliance Aura
5 Naga Sea Witch
1 Forked Lightning
3 Frost Arrows
1 Mana Shield
» actions
| Assign group hotkey | 14 | |
| Basic commands | 112 | |
| Build / train | 90 | |
| Enter build submenu | 21 | |
| Enter hero's abilities submenu | 10 | |
| Remove unit from queue | 3 | |
| Right click | 580 | |
| Select / deselect | 458 | |
| Select group hotkey | 222 | |
| Use ability | 70 | |
1580 total
» units
| Peasant | 10 | |
| Footman | 11 | |
| Sorceress | 3 | |
| Spell Breaker | 9 | |
| Priest | 3 | |
| Tauren | 6 | |
| Shaman | 4 | |
| Peon | 6 | |
52 total
» upgrades
| Defend | 1 | |
| Sorceress Training | 2 | |
| Priest Training | 2 | |
| Masonry | 3 | |
| Control Magic | 1 | |
| Swords | 3 | |
| Plating | 3 | |
| Magic Sentry | 1 | |
| Lumber Harvesting | 1 | |
17 total
» buildings
| Altar of Kings | 1 | |
| Farm | 14 | |
| Barracks | 1 | |
| Arcane Vault | 1 | |
| Keep | 1 | |
| Arcane Sanctum | 3 | |
| Scout Tower | 3 | |
| Lumber Mill | 1 | |
| Castle | 1 | |
| Blacksmith | 1 | |
| Guard Tower | 2 | |
29 total
» build order
00:07 Altar of Kings
00:13 Farm
00:52 Barracks
01:17 Farm
02:16 Arcane Vault
02:54 Keep
03:33 Farm
04:29 Farm
05:57 Arcane Sanctum
07:10 Arcane Sanctum
07:30 Farm
07:35 Scout Tower
07:38 Lumber Mill
09:40 Farm
09:52 Arcane Sanctum
10:23 Farm
10:24 Farm
11:57 Castle
13:51 Blacksmith
14:10 Scout Tower
14:40 Guard Tower
14:43 Scout Tower
15:23 Guard Tower
18:15 Farm
18:16 Farm
18:16 Farm
18:16 Farm
» items
| Potion of Healing | 1 | |
| Potion of Mana | 1 | |
2 total

»
goodwood (
green | 43 APM | 867 actions | 20:16)
6 Blademaster
2 Wind Walk
3 Critical Strike
1 Bladestorm
4 Tauren Chieftain
2 Endurance Aura
2 War Stomp
» actions
| Assign group hotkey | 20 | |
| Basic commands | 2 | |
| Build / train | 54 | |
| ESC pressed | 2 | |
| Enter build submenu | 14 | |
| Enter hero's abilities submenu | 10 | |
| Give item / drop item | 1 | |
| Remove unit from queue | 1 | |
| Right click | 361 | |
| Select / deselect | 172 | |
| Select group hotkey | 189 | |
| Use ability | 41 | |
867 total
» units
| Peon | 12 | |
| Shaman | 2 | |
| Tauren | 5 | |
| Troll Witch Doctor | 2 | |
| Spirit Walker | 2 | |
23 total
» upgrades
| Shaman Training | 2 | |
| Witch Doctor Training | 2 | |
| Melee Weapons | 1 | |
| Pulverize | 1 | |
| Armor | 3 | |
| Spirit Walker Training | 2 | |
11 total
» buildings
| Altar of Storms | 1 | |
| Orc Burrow | 6 | |
| Stronghold | 1 | |
| War Mill | 1 | |
| Voodoo Lounge | 1 | |
| Fortress | 1 | |
| Spirit Lodge | 1 | |
| Tauren Totem | 3 | |
| Great Hall | 1 | |
16 total
» build order
00:11 Altar of Storms
00:24 Orc Burrow
02:06 Stronghold
02:55 War Mill
03:40 Orc Burrow
03:44 Voodoo Lounge
04:33 Fortress
04:37 Spirit Lodge
04:54 Orc Burrow
07:19 Tauren Totem
07:21 Tauren Totem
07:26 Orc Burrow
07:46 Tauren Totem
12:33 Orc Burrow
12:37 Orc Burrow
15:21 Great Hall
» items
| Healing Salve | 1 | |
| Lesser Clarity Potion | 1 | |
| Potion of Healing | 2 | |
| Orb of Lightning | 1 | |
5 total

»
Drone (
orange | 18 APM | 557 actions | 30:59)
3 Blademaster
2 Wind Walk
1 Critical Strike
» actions
| Basic commands | 19 | |
| Build / train | 51 | |
| Enter build submenu | 21 | |
| Enter hero's abilities submenu | 4 | |
| Right click | 268 | |
| Select / deselect | 144 | |
| Use ability | 50 | |
557 total
» units
| Peon | 10 | |
| Troll Batrider | 16 | |
| Troll Witch Doctor | 1 | |
| Wind Rider | 5 | |
32 total
» upgrades
| Spiked Barricades | 1 | |
| Armor | 2 | |
| Ranged Weapons | 2 | |
| Witch Doctor Training | 1 | |
| Reinforced Defenses | 1 | |
| Liquid Fire | 1 | |
8 total
» buildings
| Orc Burrow | 5 | |
| Altar of Storms | 1 | |
| Voodoo Lounge | 2 | |
| War Mill | 1 | |
| Watch Tower | 6 | |
| Stronghold | 1 | |
| Beastiary | 2 | |
| Fortress | 1 | |
| Spirit Lodge | 1 | |
20 total
» build order
00:14 Orc Burrow
00:23 Altar of Storms
01:13 Voodoo Lounge
01:41 Orc Burrow
01:49 War Mill
03:04 Watch Tower
03:22 Watch Tower
04:03 Watch Tower
04:39 Stronghold
04:44 Watch Tower
04:45 Watch Tower
06:23 Orc Burrow
07:54 Beastiary
08:03 Voodoo Lounge
08:19 Fortress
08:34 Spirit Lodge
10:22 Beastiary
10:28 Watch Tower
11:48 Orc Burrow
13:50 Orc Burrow
» items
| Healing Salve | 1 | |
| Lesser Clarity Potion | 1 | |
| Scroll of Speed | 1 | |
| Boots of Speed | 1 | |
| Dust of Appearance | 1 | |
5 total
8172734813846 (
teal | 82 APM | 2549 actions | 31:01)
5 Blood Mage
3 Flame Strike
2 Banish
» actions
| Assign group hotkey | 166 | |
| Basic commands | 253 | |
| Build / train | 116 | |
| ESC pressed | 15 | |
| Enter build submenu | 31 | |
| Enter hero's abilities submenu | 5 | |
| Give item / drop item | 6 | |
| Remove unit from queue | 1 | |
| Right click | 778 | |
| Select / deselect | 337 | |
| Select group hotkey | 709 | |
| Use ability | 132 | |
2549 total
» units
| Peasant | 13 | |
| Footman | 6 | |
| Sorceress | 1 | |
| Gryphon Rider | 6 | |
| Dragonhawk Rider | 6 | |
32 total
» upgrades
| Masonry | 3 | |
| Swords | 3 | |
| Sorceress Training | 1 | |
| Magic Sentry | 1 | |
| Armor | 2 | |
| Animal War Training | 1 | |
| Storm Hammers | 1 | |
| Cloud | 1 | |
13 total
» buildings
| Altar of Kings | 1 | |
| Barracks | 1 | |
| Farm | 9 | |
| Arcane Vault | 1 | |
| Keep | 10 | |
| Lumber Mill | 1 | |
| Blacksmith | 1 | |
| Scout Tower | 14 | |
| Guard Tower | 23 | |
| Castle | 3 | |
| Arcane Sanctum | 1 | |
| Gryphon Aviary | 2 | |
| Town Hall | 2 | |
69 total
» build order
00:50 Altar of Kings
00:51 Barracks
00:53 Farm
01:06 Farm
01:11 Farm
01:48 Arcane Vault
02:15 Farm
02:47 Farm
04:13 Keep
04:13 Keep
04:37 Lumber Mill
04:57 Blacksmith
05:40 Scout Tower
05:42 Scout Tower
05:42 Scout Tower
06:17 Guard Tower
06:17 Guard Tower
06:38 Castle
06:39 Castle
06:39 Castle
06:42 Arcane Sanctum
07:05 Gryphon Aviary
07:09 Gryphon Aviary
10:05 Farm
12:44 Farm
15:22 Farm
15:24 Farm
17:30 Town Hall
19:04 Keep
19:04 Keep
21:36 Town Hall
21:38 Scout Tower
21:39 Scout Tower
21:39 Scout Tower
21:40 Scout Tower
21:41 Scout Tower
21:42 Scout Tower
21:43 Scout Tower
21:43 Scout Tower
21:44 Scout Tower
22:23 Guard Tower
22:24 Guard Tower
23:34 Guard Tower
23:35 Guard Tower
23:35 Guard Tower
23:56 Guard Tower
23:56 Guard Tower
24:05 Guard Tower
24:05 Guard Tower
24:05 Guard Tower
24:53 Keep
24:53 Keep
24:55 Scout Tower
24:57 Scout Tower
25:30 Guard Tower
25:31 Guard Tower
25:31 Guard Tower
» items
| Boots of Speed | 1 | |
| Staff of Teleportation | 1 | |
| Scroll of Regeneration | 4 | |
| Mechanical Critter | 2 | |
| Potion of Invisibility | 3 | |
| Lesser Clarity Potion | 1 | |
12 total
Chat log
(00:45 / Allies) Drone: teal u a bot?
(00:54 / Allies) 8172734813846: Why do you ask
(00:59 / Allies) Dragonclaw_Zero: aww
(01:00 / Allies) Drone: the name
(01:23 / Allies) 8172734813846: I just don't like going on one account or people recognise me and I couldn't be assed to come up with a good name
(01:32 / Allies) Dragonclaw_Zero: hm
(01:36 / Allies) 8172734813846: god damn I never lag but it looks like I am
(03:10 / Allies) goodwood: afk
(03:21 / Allies) goodwood: come
(03:44 / Allies) Dragonclaw_Zero: apparently purples on vacation
(05:37 / Allies) goodwood: ehlp
(05:38 / Allies) goodwood: help
(05:56 / Allies) 8172734813846: it's 1 ne lol use militia
(06:38 / Allies) goodwood: coming back
(08:16 / All) Drone: lol just leave
(08:21 / All) chrismar13: no
(08:30 / All) 8172734813846: dude you still have a level 1 blademaster and are smack talking?
(10:10 / Allies) goodwood: hit now
(10:47 / All) johnnyb: ok gg
(10:51 / Allies) goodwood: yea
(10:53 / All) goodwood: yea
(10:54 / All) johnnyb: 1 afk ...
(11:07 / All) goodwood: yea i knwo
(11:33 / Allies) Dragonclaw_Zero: well
(11:41 / Allies) Dragonclaw_Zero: they could pull of a battalion of heavy air
(11:43 / Allies) Dragonclaw_Zero: and pwn us
(12:03 / All) m[a]ster.xxDl: drone when u goin to hit me with those bats noob
(12:09 / All) m[a]ster.xxDl: its 3v4 u making bats?
(12:10 / All) m[a]ster.xxDl: lol
(12:16 / Allies) Drone: easy
(12:21 / All) 8172734813846: he said easy in allied chat
(12:24 / All) 8172734813846: he can't type in the right chat
(12:25 / All) Drone: easy win why
(12:30 / All) m[a]ster.xxDl: ur so bad lol
(12:34 / All) 8172734813846: he's trash
(12:42 / Allies) Drone: just take ur loss and leave
(12:50 / All) 8172734813846: he said "take ur loss and leave" in allied chat now LOL
(13:09 / All) Drone: i like teal to repeat it as usual
(13:56 / All) 8172734813846: they massing heavy melee and bats when you have towers lol
(14:10 / All) 8172734813846: green decides it's time to creep
(14:17 / All) m[a]ster.xxDl: ;)
(14:54 / All) 8172734813846: stay
(14:55 / All) 8172734813846: stay
(14:55 / All) 8172734813846: stay
(14:59 / Allies) goodwood: can tc havce that?
(14:59 / All) chrismar13: just finish it
(15:01 / Allies) goodwood: item
(15:11 / 5) 8172734813846: I'll tk
(15:13 / 5) 8172734813846: stay and you get the win
(15:14 / 5) 8172734813846: ok?
(15:18 / All) chrismar13: ok
(15:24 / All) goodwood: leave
(15:29 / All) Drone: leave
(15:47 / 5) 8172734813846: get towers at your base if you can
(15:59 / Allies) 8172734813846: Nice try orange
(16:03 / Allies) 8172734813846: I sa you trying to atatck me with your towers
(16:19 / All) Dragonclaw_Zero: uhhhh
(16:25 / Allies) Dragonclaw_Zero: did I miss something
(16:30 / Allies) 8172734813846: he attacked me with his towers
(16:42 / All) Drone: u went to tk me
(16:44 / All) goodwood: now we have a tker.....
(16:46 / All) 8172734813846: yes I did orange
(16:59 / Allies) goodwood: lets hit
(17:03 / Allies) goodwood: come all
(17:05 / 5) 8172734813846: they hitting blue
(17:08 / 5) 8172734813846: but just ground
(17:11 / 5) 8172734813846: you should be able to handle it
(17:55 / All) Drone: lol now i know why u wont use ur real name ur an asshole
(18:12 / Allies) goodwood: go there
(18:14 / Allies) goodwood: go
(18:20 / 5) 8172734813846: inc
(18:25 / Allies) goodwood: come
(18:27 / 5) 8172734813846: I'm omw to help
(18:34 / Allies) Drone: afk
(18:46 / 5) 8172734813846: coming to help, orange is dead
(19:23 / Allies) Dragonclaw_Zero: wtrf
(19:29 / Allies) Dragonclaw_Zero: what I do to you
(20:32 / Allies) Dragonclaw_Zero: wtf man
(20:55 / Allies) 8172734813846: It's just business yellow
(21:20 / 5) 8172734813846: hit yellow if you can
(21:23 / 5) 8172734813846: he's bot left outside
(21:28 / 5) 8172734813846: he is the only ally left
(22:01 / Allies) Dragonclaw_Zero: I still dont get it
(22:04 / Allies) Dragonclaw_Zero: Why you doing this?
(22:25 / All) Dragonclaw_Zero: AT LEAST TELL ME WHY YOUR BSING US
(22:29 / All) 8172734813846: lol
(22:32 / All) Dragonclaw_Zero: Are you and the other team boosting eahc other?
(22:32 / All) 8172734813846: I didn't like orange
(22:34 / All) 8172734813846: I didn't like you
(22:36 / All) 8172734813846: I didn't like green
(22:37 / Allies) Dragonclaw_Zero: Why not me?
(22:38 / All) 8172734813846: Red wins
(22:44 / Allies) Dragonclaw_Zero: I liked you
(22:46 / Allies) Dragonclaw_Zero: Please?
(22:53 / Allies) 8172734813846: If you ask nicely enough
(22:55 / Allies) 8172734813846: I may give you the win
(22:58 / Allies) 8172734813846: and if you stop attacking my base
(23:01 / Allies) 8172734813846: that's why I don't like you
(23:06 / Allies) Dragonclaw_Zero: But you attacked me.
(23:09 / Allies) 8172734813846: you killed my castle
(23:13 / Allies) Dragonclaw_Zero: I didnt say nothing bad of you
(23:15 / Allies) Dragonclaw_Zero: YOU KILLED OUR ARMY
(23:20 / All) Dragonclaw_Zero: Ya know what
(23:23 / All) Dragonclaw_Zero: Screw this we lsot anyway
(23:32 / All) Dragonclaw_Zero: Why should I apologize to you?
(23:41 / All) 8172734813846: You were on my team
(23:43 / All) 8172734813846: You should say sorry for it
(23:49 / All) Dragonclaw_Zero: I did nothing
(23:52 / All) Dragonclaw_Zero: You attacked me first.
(24:00 / All) 8172734813846: Yeah but I had a player like you on my team
(24:03 / All) 8172734813846: That's embarassing
(24:12 / All) Dragonclaw_Zero: Well what I do to upset yuo?
(24:18 / All) 8172734813846: You made spell breakers for one
(24:22 / All) 8172734813846: They are hard to tk when I go gryphon
(24:25 / All) 8172734813846: I hate it
(24:28 / All) Dragonclaw_Zero: Heh
(24:32 / All) Dragonclaw_Zero: Then thats cool by me.
(25:12 / All) Dragonclaw_Zero: So you have a number name because your a TKER
(25:14 / All) 8172734813846: Yellow are you going to leave?
(25:17 / All) Dragonclaw_Zero: Nah.
(25:20 / All) 8172734813846: Or do I have to do this the long way and kill every single structure?
(25:25 / All) Dragonclaw_Zero: Knock yourself out.
(25:36 / All) Dragonclaw_Zero: Are you seriously just a TKR?
(25:45 / All) 8172734813846: I'm not "just a TKR"
(25:47 / All) 8172734813846: I'm the tker
(25:49 / All) 8172734813846: I'm the ORIGINAL!
(25:52 / All) 8172734813846: Part of the WILD BUNCH!
(25:54 / All) 8172734813846: Flying solo right now
(25:55 / All) Dragonclaw_Zero: I somehow doubt it.
(26:07 / All) 8172734813846: Most people just militia tp and act like downies
(26:10 / All) 8172734813846: But I'm a professional
(26:18 / 5) 8172734813846: kill green's base right of yellow's now
(26:18 / All) Dragonclaw_Zero: Its more pointless than anything else.
(26:21 / 5) 8172734813846: so we can speed this up
(26:26 / All) Dragonclaw_Zero: But i guess some people like to waste their time.
(26:27 / All) 8172734813846: It's funny
(26:31 / All) 8172734813846: I get people like you going on and on
(26:33 / All) Dragonclaw_Zero: How old are you anyway?
(26:35 / All) 8172734813846: saying AT LEAST TELL ME WHY YOU TK!!!!!
(26:44 / All) 8172734813846: I just turned 38 yesterday
(26:46 / All) Dragonclaw_Zero: I feel sorry for you.
(26:52 / All) Dragonclaw_Zero: Wow. Thats just sad.
(26:59 / All) 8172734813846: How old are you?
(27:02 / All) Dragonclaw_Zero: You seriously need to be euthanized.
(27:08 / All) Dragonclaw_Zero: I'm 679.
(27:14 / All) 8172734813846: I told you my real age man
(27:18 / All) 8172734813846: Why won't you tell me yours?
(27:21 / All) 8172734813846: Why do I need euthanised?
(27:23 / All) Dragonclaw_Zero: Then your a sad, sad man.
(27:31 / All) 8172734813846: I'm just a 38 year old who likes to team kill on Warcraft III: The Frozen Throne
(27:39 / All) Dragonclaw_Zero: Your 38 years old, and the best way you can spend your time is TKING on Warcraft 3?
(27:44 / All) 8172734813846: Yeah
(27:45 / All) Dragonclaw_Zero: At least do it on Starcraft 2
(27:46 / All) 8172734813846: I live with my parents
(27:49 / All) Dragonclaw_Zero: They REALLY throw fits.
(27:50 / All) 8172734813846: I collect money for autism
(27:53 / All) 8172734813846: Starcraft 2 sucks though
(27:56 / All) 8172734813846: They never throw fits like this
(27:59 / All) 8172734813846: I like seeing people rage
(28:09 / All) 8172734813846: Because I'm an autistic 38 year old I have to do whatever it takes to make myself look better
(28:19 / 5) 8172734813846: kill my base to the right of that now
(28:23 / All) Dragonclaw_Zero: Your definitely proving your point.
(28:30 / All) 8172734813846: I like to wear a fedora too, I look better than Humphrey Bogart in it
(28:39 / All) 8172734813846: How do you dress yellow?
(28:40 / All) Dragonclaw_Zero: Well at least the other team got a win after their own ally wasn't playing.
(28:42 / All) 8172734813846: I dress like a grown up
(28:51 / All) 8172734813846: I agree, that's a good trade
(28:56 / All) 8172734813846: A/S/L yellow?
(28:58 / All) Dragonclaw_Zero: Sorry it had to be because of a TKER, but aw well.
(28:58 / All) 8172734813846: What are you wearing?
(29:12 / All) 8172734813846: Yellow are you hot IRL?
(29:15 / All) Dragonclaw_Zero: He has an expo full of Towers.
(29:15 / All) 8172734813846: Do you have an IM?
(29:22 / All) 8172734813846: Yeah I'm going to kill that when I'm ready to soon
(29:38 / All) Dragonclaw_Zero: You guys do have anti-air right?
(29:39 / All) 8172734813846: Yellow answer my questions
(29:41 / All) 8172734813846: A/S/L?
(29:55 / All) Dragonclaw_Zero: Hes mostly using gryphs, so dryads are good.
(30:01 / All) 8172734813846: I'm going to kill myself no need
(30:14 / All) 8172734813846: Yellow what is your age, sex, and location?
(30:27 / All) 8172734813846: If we're nearby maybe you can help me lose my virginity if you're a hot girl
(30:50 / All) 8172734813846: Yellow are you there?
(30:53 / All) 8172734813846: What are you wearing?
(30:59 / 5) 8172734813846: killing my last buildings now